 Dungeon Crawl Stone Soup version 0.27.1-33-g824d729ab1 (webtiles) character file.

Game seed: 2988734825526260446

13 lonewolfV2 the Ducker (level 2, -2/29 HPs)
             Began as a Troll Fighter on Dec 15, 2021.
             Splashed by a jelly's acid (10 damage)
             ... on level 1 of the Dungeon.
             The game lasted 00:00:14 (46 turns).

lonewolfV2 the Ducker (Troll Fighter)                 Turns: 46, Time: 00:00:15

Health: -2/29      AC:  4    Str: 23    XL:     2   Next: 24%
Magic:  1/1        EV:  8    Int:  4    God:
Gold:   0          SH:  8    Dex:  9    Spells: 1/1 levels left

rFire    . . .     SeeInvis .     - Unarmed
rCold    . . .     Faith    .   b - +0 kite shield
rNeg     . . .     Spirit   .   a - +0 robe
rPois    .         Reflect  .   (helmet restricted)
rElec    .         Harm     .   (no cloak)
rCorr    .         Rampage  .   (gloves unavailable)
Will     .....                  (boots unavailable)
Stlth    +.........             (no amulet)
HPRegen  1.09/turn              (no ring)
MPRegen  0.07/turn              (no ring)

@: no status effects
A: large, unfitting armour, claws 3, regeneration 1, shaggy fur 1, tough skin 1
a: no special abilities


You were on level 1 of the Dungeon.
You visited 1 branch of the dungeon, and saw 1 of its levels.

Inventory:

Armour
 a - a +0 robe (worn)
 b - a +0 kite shield (worn)
Potions
 c - a potion of might


   Skills:
 + Level 2.5 Fighting
 + Level 2.6 Dodging
 + Level 2.6 Shields
 + Level 2.1 Unarmed Combat


You had one spell level left.
You didn't know any spells.
Your spell library was empty.

Dungeon Overview and Level Annotations

Branches:
Dungeon (1/15)

Altars:


Innate Abilities, Weirdness & Mutations

You are too large for most types of armour.
You have claws for hands.
Your natural rate of healing is unusually fast.
You are covered in fur. (AC +1)
You have tough skin. (AC +1)


Message History

You claw the jackal!
You kill the jackal!
You block the giant cockroach's attack.
You closely miss the giant cockroach. You block the giant cockroach's attack.
You scratch the giant cockroach.
The giant cockroach is moderately wounded.
The giant cockroach bites you.
You scratch the giant cockroach but do no damage.
The giant cockroach is moderately wounded.
You block the giant cockroach's attack.
The giant cockroach bites you but does no damage.
You barely miss the giant cockroach.
The giant cockroach is moderately wounded.
The giant cockroach bites you but does no damage.
You scratch the giant cockroach.
You kill the giant cockroach!
You block the rat's attack. The jelly hits you but does no damage.
The endoplasm hits you but does no damage.
The rat barely misses you.
There is an open translucent door, spattered with blood here.
Items here: ††††.
You claw the rat!
You kill the rat!
You block the jelly's attack. The endoplasm closely misses you.
The rat bites you but does no damage. The jelly hits you.
You are splashed with acid!
The endoplasm hits you.
You see here a worm corpse.
You scratch the rat.
You kill the rat!
The jelly hits you but does no damage. The endoplasm freezes you.
You are frozen.
You claw the jelly!
Your claws burn!
The jelly is heavily wounded.
You block the jelly's attack. The endoplasm freezes you.
You are frozen.
The jelly hits you.
* * * LOW HITPOINT WARNING * * *
You are splashed with acid!
You die...

###+#######+###
#..⌠...>...⌠..#
#......<......#
+⌠....###....⌠+
#.......†.....#
#######†#######
#.....J@J.....#
#.............#
#.............#
###############


You could see a jelly and an endoplasm.

Vanquished Creatures
  A worm (D:1)
  2 giant cockroaches (D:1)
  3 jackals (D:1)
  4 rats (D:1)
10 creatures vanquished.

Notes
Turn   | Place    | Note
-------+----------+-------------------------------------------
     0 | D:1      | lonewolfV2 the Troll Fighter began the quest for the Orb.
     0 | D:1      | Reached XP level 1. HP: 22/22 MP: 0/0
     1 | D:1      | Noticed a jelly
     2 | D:1      | Found a runed translucent door.
    27 | D:1      | Reached XP level 2. HP: 6/29 MP: 1/1
    46 | D:1      | Splashed by a jelly's acid

Illustrated notes

Levels and vault maps discovered:
D:1:      dpeg_arrival_caged_fury, layout_basic, serial_shops,
          nicolae_square_shop, nicolae_diamond_shop, nicolae_shop_statue_plus,
          nicolae_square_shop

Action                   || total
-------------------------++-------
Melee: Unarmed           ||    31
Armor: Robe              ||    17
Dodge: Dodged            ||    13
Block: Kite shield       ||    19
